 Dungeon Crawl Stone Soup version 0.30-b1-2-g02819fbbbe (webtiles) character file.

Game seed: 11415786949109833389

4465 Borgoz the Trooper (level 10, -2/88 HPs)
             Began as a Ghoul Monk on June 18, 2023.
             Was a Believer of Ashenzari.
             Slain by a wight
             ... wielding a +5 spear of freezing
              (7 damage)
             ... on level 8 of the Dungeon.
             The game lasted 00:19:12 (9016 turns).

Borgoz the Trooper (Ghoul Monk)                     Turns: 9016, Time: 00:19:12

Health: -2/88      AC:  9    Str: 18    XL:     10   Next: 37%
Magic:  13/13      EV: 28    Int:  5    God:    Ashenzari [**....]
Gold:   439        SH:  0    Dex: 13    Spells: 14/14 levels left

rFire   . .          .
                       - Unarmed
rCold   + . .        c - orb "Bound Insecurity" {light, Bglg, Fort} (curse)
rNeg    + + +        r - +0 ring mail of Ashenzari's Augurer {Will+, Comp, Fort} (curse)
rPois   ∞            q - +1 helmet
rElec   .            a - scarf {repulsion}
rCorr   .            (no gloves)
SInv    +            (no boots)
Will    +....        v - amulet "Moon of the Distant God" {Acrobat, Elem, Comp} (curse)
Stlth   +            f - ring of wizardry
HPRegen 0.00/turn    (no ring)
MPRegen 0.13/turn

%: repel missiles, acrobat, wizardry (x1)
@: acrobatic, inhibited regen, glowing
A: claws 1, cold resistance 1, negative energy resistance 3, inhibited
regeneration, torment resistance 2, devour on kill
a: Renounce Religion, Shatter the Chains


You were on level 8 of the Dungeon.
You worshipped Ashenzari.
Ashenzari was pleased with you.
You visited 2 branches of the dungeon, and saw 9 of its levels.
You also visited: Sewer.

You collected 504 gold pieces.
You spent 65 gold pieces at shops.

Inventory:

Missiles
 o - 17 poisoned darts (quivered)
 z - a boomerang
Armour
 a - a scarf of repulsion (worn)
 c - the cursed orb "Bound Insecurity" (worn) {light, Bglg, Fort}

   It has a curse which improves the following skills: Beguiling: Conjurations,
   Hexes and Translocations.
   Fortitude: Armour and Shields.
 q - a +1 helmet (worn)
 r - the cursed +0 ring mail of Ashenzari's Augurer (worn) {Will+, Comp, Fort}
   (You took it off an orc on level 7 of the Dungeon)

   It has a curse which improves the following skills: Companions: Summonings
   and Necromancy.
   Fortitude: Armour and Shields.
 u - +0 steam dragon scales
Jewellery
 f - a ring of wizardry (left claw)
 t - a ring of ice
 v - the cursed amulet "Moon of the Distant God" (around neck) {Acrobat, Elem, Comp}
   (You found it on level 5 of the Dungeon)

   [amulet of the acrobat]

   It increases your evasion while moving and waiting.
   It has a curse which improves the following skills: Elements: Fire Magic, Ice
   Magic, Air Magic and Earth Magic.
   Companions: Summonings and Necromancy.
Wands
 p - a wand of digging (11)
 w - a wand of iceblast (9)
Scrolls
 e - a scroll of torment
 g - 3 scrolls of blinking
 i - 2 scrolls of poison
 k - 3 scrolls of teleportation
 l - 2 scrolls of fear
 m - 2 scrolls of magic mapping
 s - a scroll of enchant weapon
 y - 2 scrolls of brand weapon
 A - 2 scrolls of identify
Potions
 d - a potion of haste
 h - 3 potions of cancellation
 j - 3 potions of attraction
 x - a potion of magic


   Skills:
 * Level 7.7 Fighting
 + Level 2.9 Throwing
 * Level 5.7(7.4) Armour
 * Level 6.2 Dodging
 + Level 4.9 Stealth
 * Level 7.7 Unarmed Combat
 + Level 2.9 Spellcasting
 + Level 3.2 Evocations


You had 14 spell levels left.
You didn't know any spells.
Your spell library contained the following spells:

 Spells                   Type           Power      Damage    Failure   Level
 Inner Flame              Hex/Fire       0%         N/A       56%         3
 Vhi's Electric Charge    Tloc/Air       0%         N/A       56%         3
 Arcjolt                  Conj/Air       0%         1d10      99%         5
 Yara's Violent Unravell  Hex/Tmut       0%         3d3       99%         5
 Plasma Beam              Fire/Air       0%         2x1d11    100%        6
 Enfeeble                 Hex            0%         N/A       100%        7
 Summon Hydra             Summ           0%         N/A       100%        7
 Sublimation of Blood     Necr           Unusable   N/A       N/A         2
 Wereblood                Tmut           Unusable   N/A       N/A         2

Dungeon Overview and Level Annotations

Branches:
Dungeon (8/15)             Temple (1/1) D:5           Sewer (visited)
   Lair: D:8-11

Altars:
Ashenzari
Cheibriados
Dithmenos
Fedhas
Gozag
Hepliaklqana
Kikubaaqudgha
Makhleb
Okawaru
Qazlal
Ru
Sif Muna
Trog
Uskayaw
Wu Jian
Yredelemnul

Shops:
D:2 [***   D:5 *

Annotations:
Temple 2 transporters


Innate Abilities, Weirdness & Mutations

You are immune to poison.
You have sharp fingernails.
Your flesh is cold resistant. (rC+)
You are immune to negative energy. (rN+++)
You do not regenerate when monsters are visible.
You are immune to unholy pain and torment.
You thrive by killing the living.


Message History

The wight hits you from afar with a +5 spear of freezing.
You are confused.
You feel invigorated.
The wight hits you from afar with a +5 spear of freezing!
The wight hits you with a +0 great sword!
* * * LOW HITPOINT WARNING * * *
You bump into the rock wall.
The wight hits you but does no damage. The wight barely misses you.
The wight hits you with a +0 great sword!
* * * LOW HITPOINT WARNING * * *
You barely miss the wight. You claw the wight!
The wight is severely damaged.
The wight completely misses you. The wight barely misses you.
The wight closely misses you.
You bump into the rock wall.
The wight hits you from afar with a +5 spear of freezing.
The wight closely misses you.
The wight hits you with a +0 great sword!
* * * LOW HITPOINT WARNING * * *
You feel less invigorated.
You feel less confused. The wight completely misses you. x3
You claw the wight!
You destroy the wight!
The wight hits you but does no damage. The wight closely misses you.
The wight completely misses you. x2
Items here: )) [ †.
You completely miss the wight. The wight barely misses you.
The wight hits you with a +5 spear of freezing!
* * * LOW HITPOINT WARNING * * *
The wight freezes you.
* * * LOW HITPOINT WARNING * * *
Okay, then.
The wight attacks as you move away!
The wight hits you with a +5 spear of freezing.
* * * LOW HITPOINT WARNING * * *
The wight completely misses you.
The wight hits you from afar with a +5 spear of freezing!
You die...

.#.## #.# * # ...#
#.# #. #.####.# **
,#.####..$..<### ,
...........<..####
,*,
#..#.###z........ ,
* # *
#z....))!.......
#.###z#.###.........
** ,
#..@)z..............
#..##########.......
* *#..* , .......
,,.... , ,, .......
*##...*, , .#.### *
,,.... , ,.# * #.#..
,, , , ** , ..... ,
, , * * , *,, ,


You could see 2 wights.

Vanquished Creatures
  Pikel (D:4)
  Prince Ribbit (D:6)
  Grinder (D:3)
  4 yaks (D:7)
  A steam dragon (D:7)
  2 water moccasins (D:6)
  3 sky beasts (D:6)
  2 ice beasts
  2 black bears
  An orc warrior (D:7)
  4 ogres
  3 bullfrogs
  2 kobold brigands (Sewer)
  2 scorpions
  A wight (D:8)
  A howler monkey (D:6)
  A hound (D:7)
  Crazy Yiuf (D:3)
  A gnoll bouda (D:6)
  A jelly (D:6)
  A sleepcap (D:4)
  Jessica (D:2)
  3 iguanas (D:6)
  11 orc wizards
  Robin (D:2)
  17 gnolls
  22 adders
  A river rat (Sewer)
  A shadow imp (D:5)
  2 ufetubi
  A worm (D:5)
  4 dart slugs
  35 orcs
  10 ball pythons
  3 bats
  6 endoplasms
  2 giant cockroaches
  13 goblins
  18 hobgoblins
  12 jackals
  9 quokkas
  11 frilled lizards
  8 kobolds
  6 rats
233 creatures vanquished.

Vanquished Creatures (others)
  3 fungi (D:4)
  40 plants
43 creatures vanquished.

Grand Total: 276 creatures vanquished

Notes
Turn   | Place    | Note
-------+----------+-------------------------------------------
     0 | D:1      | Borgoz the Ghoul Monk began the quest for the Orb.
     0 | D:1      | Reached XP level 1. HP: 19/19 MP: 0/0
   416 | D:1      | Found a faded altar of an unknown god.
   486 | D:1      | Reached XP level 2. HP: 26/26 MP: 1/1
   887 | D:2      | Found Rymyplan's General Store.
   887 | D:2      | Noticed Jessica
   894 | D:2      | Killed Jessica
   895 | D:2      | Reached skill level 1 in Armour
   895 | D:2      | Reached skill level 1 in Stealth
   895 | D:2      | Reached XP level 3. HP: 26/33 MP: 2/2
   943 | D:2      | Found Ropnelol's Assorted Antiques.
  1061 | D:2      | Reached XP level 4. HP: 40/40 MP: 3/3
  1079 | D:2      | Found Nex Few's General Store.
  1083 | D:2      | Bought a scroll of identify for 26 gold pieces
  1083 | D:2      | Bought a scroll of teleportation for 39 gold pieces
  1357 | D:2      | Found Inudaen's Armour Boutique.
  1594 | D:2      | Noticed Robin
  1608 | D:2      | Killed Robin
  1609 | D:2      | Reached XP level 5. HP: 30/46 MP: 4/4
  2364 | D:3      | Noticed Grinder
  2371 | D:3      | Paralysed by Grinder for 4 turns
  2386 | D:3      | Killed Grinder
  2387 | D:3      | Reached XP level 6. HP: 25/53 MP: 5/5
  2855 | D:3      | Found a runed translucent door.
  2856 | D:3      | Noticed Crazy Yiuf
  2862 | D:3      | Killed Crazy Yiuf
  2995 | D:4      | Found a hide-covered altar of Uskayaw.
  3069 | D:4      | Reached XP level 7. HP: 49/60 MP: 6/6
  3176 | D:4      | Found a bloodstained altar of Trog.
  3176 | D:4      | Found an iron altar of Okawaru.
  3337 | D:4      | Reached skill level 5 in Unarmed Combat
  3350 | D:4      | Noticed Pikel
  3374 | D:4      | Killed Pikel
  3375 | D:4      | Reached skill level 5 in Fighting
  3375 | D:4      | Reached skill level 1 in Throwing
  3375 | D:4      | Reached skill level 1 in Spellcasting
  3375 | D:4      | Reached skill level 1 in Evocations
  3375 | D:4      | Reached XP level 8. HP: 20/69 MP: 6/8
  3547 | D:4      | Found a shadowy altar of Dithmenos.
  3969 | D:5      | Entered Level 5 of the Dungeon
  4172 | D:5      | Found a hazy altar of Hepliaklqana.
  4822 | D:5      | Found an opulent altar of Gozag.
  4836 | D:5      | Reached skill level 5 in Dodging
  4969 | D:5      | Found Gozag's Platinum Reserve.
  5061 | D:5      | Found a staircase to the Ecumenical Temple.
  5068 | D:5      | Reached XP level 9. HP: 77/77 MP: 10/10
  5074 | Temple   | Entered the Ecumenical Temple
  5074 | Temple   | Found a transporter.
  5074 | Temple   | Found a transporter.
  5076 | Temple   | Found a transporter.
  5076 | Temple   | Found a transporter.
  5094 | Temple   | Became a worshipper of Ashenzari the Shackled
  5253 | D:5      | Found a blossoming altar of Fedhas.
  5657 | D:6      | Found a glowing drain.
  5697 | Sewer    | Entered a sewer
  6506 | D:6      | Noticed Prince Ribbit
  6519 | D:6      | Killed Prince Ribbit
  6922 | D:6      | HP: 3/79 [sky beast (5)]
  6946 | D:6      | Reached * piety under Ashenzari
  7210 | D:6      | Reached skill level 5 in Armour
  7915 | D:7      | Reached XP level 10. HP: 86/86 MP: 12/12
  8769 | D:7      | Reached ** piety under Ashenzari
  9016 | D:8      | Slain by a wight

Illustrated notes

Levels and vault maps discovered:
D:1:      heliophobic_arrival_battle_scene, layout_basic,
          shapermc_ecumenical_altar_mp_urbaneastern
D:2:      layout_basic, serial_shops, shop, nicolae_shop_stone,
          nicolae_shop_overgrown_old_shop, nicolae_shop_back_alley_shop,
          minmay_increasing_density, uniq_jessica, uniq_robin
D:3:      layout_loops_corners, st_stairs_3, uniq_grinder,
          uniq_crazy_yiuf_cottage
D:4:      wad_woods_stonehenge, layout_loops_ring, mainiacjoe_overflow_chevrons,
          grunt_temple_overflow_bloody_war, grunt_decor_cap, uniq_pikel
D:5:      layout_cave_pools, nicolae_gozag_zags_fifth_avenue,
          mainiacjoe_overflow_concentric_impassable, lemuel_tele_altar,
          fedhas_altar_4, minmay_temple_entry_trees, saegor_snake_ambush
D:6:      layout_basic, gup_sewer_entry_glass, minivault_11,
          minmay_quadrilaterals, uniq_prince_ribbit1
D:7:      layout_loops_ring
D:8:      layout_rooms, david_lair_shrubbed, minivault_25
Temple:   hellmonk_temple_divided_pantheon

Skill      XL: |  1  2  3  4  5  6  7  8  9 10 |
---------------+-------------------------------+-----
Armour         | 1 2 3 4 5 |  5.7
Dodging        | 3 4 5 6 |  6.2
Stealth        | 1 2 3 4 |  4.9
Unarmed Combat | 4 5 6 7 |  7.7
Fighting       | 4 5 6 7 |  7.7
Throwing       | 1 2 |  2.9
Spellcasting   | 1 2 |  2.9
Evocations     | 1 2 3 |  3.2

Action                     |  1- 3 |  4- 6 |  7- 9 | 10-12 || total
---------------------------+-------+-------+-------+-------++-------
  Melee: Unarmed           |    53 |   199 |   477 |    93 ||   822
  Throw: Dart              |       |       |     1 |       ||     1
 Invoke: Curse Item        |       |       |     2 |     1 ||     3
    Use: Scroll            |     4 |     7 |     9 |       ||    20
         Potion            |       |       |     6 |     2 ||     8
   Stab: Sleeping          |       |     1 |     2 |       ||     3
 Armour: Robe              |     5 |    30 |    91 |       ||   126
         Leather armour    |       |       |    25 |     5 ||    30
         Ring mail         |       |       |       |    16 ||    16
  Dodge: Dodged            |    41 |   117 |   368 |    81 ||   607
